 Dungeon Crawl Stone Soup version 0.30-b1-2-g02819fbbbe (webtiles) character file.

Game seed: 13741832006936414028

27358 ventricule the Severer (level 13, -3/102 (105) HPs)
             Began as a Minotaur Delver on May 6, 2023.
             Was an Initiate of Gozag.
             Slain by a 12-headed hydra (9 damage)
             ... on level 3 of the Lair of Beasts.
             The game lasted 00:23:21 (15234 turns).

ventricule the Severer (Minotaur Delver)           Turns: 15234, Time: 00:23:22

HP:   -3/102 (105)  AC: 29    Str: 29    XL:     13   Next: 3%
MP:   12/12         EV:  9    Int:  7    God:    Gozag
Gold: 1750          SH:  0    Dex: 11    Spells: 12/12 levels left

rFire   . . .        J - +3 executioner's axe (elec)
rCold   . . .        (shield currently unavailable)
rNeg    . . .        m - +0 plate armour
rPois   +            Q - +1 hat
rElec   +            H - +1 cloak
rCorr   .            B - +0 pair of gloves
SInv    .            v - +0 pair of boots
Will    .....        U - amulet "Qoecocha" {RegenMP rElec rPois} Stlth
                     V - +4 ring of protection
HPRegen 0.37/turn    a - +6 ring of strength
MPRegen 0.53/turn

%: no passive effects
@: lightly drained
A: horns 2, retaliatory headbutt
a: Renounce Religion, Potion Petition, Call Merchant, Bribe Branch


You were on level 3 of the Lair of Beasts.
You worshipped Gozag.
Gozag was most pleased with you.
You visited 3 branches of the dungeon, and saw 15 of its levels.
You also visited: Bailey.

You collected 3548 gold pieces.
You spent 1779 gold pieces at shops.
You paid 19 gold pieces to Gozag.

Inventory:

Hand Weapons
 e - a +4 executioner's axe of venom
 J - a +3 executioner's axe of electrocution (weapon)
 L - a +0 arbalest
Missiles
 o - 5 throwing nets (quivered)
Armour
 m - a +0 plate armour (worn)
 v - a +0 pair of boots (worn)
 B - a +0 pair of gloves (worn)
 H - a +1 cloak (worn)
 Q - a +1 hat (worn)
Jewellery
 a - a +6 ring of strength (right hand)
 h - an amulet of the acrobat
 i - a ring of positive energy
 r - a ring of protection from fire
 y - a ring of poison resistance
 z - a ring of positive energy
 G - a +6 ring of dexterity
 T - an amulet of magic regeneration
 U - the amulet "Qoecocha" (around neck) {RegenMP rElec rPois}
   (You bought it in a shop on level 4 of the Dungeon)

   [amulet of magic regeneration]

   It increases your rate of magic regeneration.
   rElec:     It insulates you from electricity.
   rPois:     It protects you from poison.
 V - a +4 ring of protection (left hand)
 W - a ring of ice
Wands
 g - a wand of digging (4)
 q - a wand of charming (9)
 D - a wand of quicksilver (8)
 P - a wand of mindburst (7)
Scrolls
 c - 3 scrolls of fog
 d - 5 scrolls of magic mapping
 j - 5 scrolls of teleportation
 p - 16 scrolls of identify
 t - 6 scrolls of noise
 A - 2 scrolls of fear
 E - 3 scrolls of blinking
 F - a scroll of brand weapon
 K - 5 scrolls of amnesia
 M - 2 scrolls of enchant armour
 X - a scroll of enchant weapon {unknown}
 Z - a scroll of acquirement {unknown}
Potions
 f - 3 potions of haste
 k - 3 potions of curing
 l - 4 potions of mutation
 s - 4 potions of brilliance
 u - 2 potions of lignification
 x - 4 potions of heal wounds
 C - 2 potions of degeneration
 I - 2 potions of resistance
 N - 4 potions of flight {unknown}
 O - 2 potions of magic {unknown}
 S - a potion of attraction {unknown}
 Y - a potion of might
Miscellaneous
 R - a box of beasts


   Skills:
 + Level 7.3 Fighting
 + Level 18.2 Axes
 + Level 17.4 Armour
 - Level 2.6 Dodging
 - Level 4.3 Stealth


You had 12 spell levels left.
You didn't know any spells.
Your spell library contained the following spells:

 Spells                   Type           Power      Damage    Failure   Level
 Shock                    Conj/Air       0%         1d3       93%         1
 Slow                     Hex            0%         N/A       93%         1
 Sting                    Tmut/Pois      0%         1d3       93%         1
 Blink                    Tloc           0%         N/A       98%         2
 Confusing Touch          Hex            0%         N/A       100%        3
 Dazzling Flash           Conj/Hex       0%         N/A       100%        3
 Ignite Poison            Fire/Tmut/Pois 0%         N/A       100%        3
 Swiftness                Air            0%         N/A       100%        3
 Teleport Other           Tloc           0%         N/A       100%        3
 Vampiric Draining        Necr           0%         2d6       100%        3
 Airstrike                Air            0%         2d(0-16)  100%        4
 Manifold Assault         Tloc           0%         N/A       100%        4
 Agony                    Necr           0%         N/A       100%        5
 Silence                  Hex/Air        0%         N/A       100%        5
 Storm Form               Tmut/Air       0%         N/A       100%        7


Dungeon Overview and Level Annotations

Branches:
Dungeon (11/15)            Temple (1/1) D:7            Lair (3/5) D:11
 Shoals (0/4) Lair:3       Spider (0/4) Lair:2          Orc (0/2) D:9
 Bailey (visited)

Altars:
Cheibriados
Dithmenos
Elyvilon
Fedhas
Gozag
Kikubaaqudgha
Makhleb
Okawaru
Sif Muna
Trog
Wu Jian
Xom
Zin
The Shining One

Shops:
D:1 (   D:4 :=?   D:9 [   D:11 (


Innate Abilities, Weirdness & Mutations

You have a pair of horns on your head.
You reflexively headbutt those who attack you in melee.


Message History

The nine-headed hydra bites you but does no damage.
The nine-headed hydra bites you!
You barely miss the nine-headed hydra.
The nine-headed hydra is severely wounded.
The nine-headed hydra bites you.
The nine-headed hydra bites you but does no damage. x4
The nine-headed hydra bites you.
The nine-headed hydra bites you but does no damage.
The nine-headed hydra misses you.
The nine-headed hydra bites you but does no damage.
You chop one of the nine-headed hydra's heads off!
The eight-headed hydra grows two more!
You slash the ten-headed hydra!
The ten-headed hydra is severely wounded.
The ten-headed hydra barely misses you. You furiously retaliate!
You headbutt the ten-headed hydra!
The ten-headed hydra barely misses you. x2
The ten-headed hydra bites you.
The ten-headed hydra bites you but does no damage.
The ten-headed hydra bites you.
The ten-headed hydra bites you but does no damage. x4
You chop one of the ten-headed hydra's heads off!
The nine-headed hydra grows two more!
You slash the 11-headed hydra!
The 11-headed hydra is almost dead.
The 11-headed hydra bites you but does no damage. x2
The 11-headed hydra bites you! x2
The 11-headed hydra bites you but does no damage. x3
The 11-headed hydra barely misses you. The 11-headed hydra bites you!
* * * LOW HITPOINT WARNING * * *
The 11-headed hydra bites you but does no damage.
The 11-headed hydra bites you.
* * * LOW HITPOINT WARNING * * *
You chop one of the 11-headed hydra's heads off!
The ten-headed hydra grows two more!
You slice the 12-headed hydra!!
The 12-headed hydra is almost dead.
The 12-headed hydra bites you but does no damage.
The 12-headed hydra bites you!
* * * LOW HITPOINT WARNING * * *
The 12-headed hydra bites you but does no damage. x2
The 12-headed hydra bites you!
You die...
Your body crumbles into a pile of gold.

..........##.........#
.....................#
.....................#
#.###................##
### ####..##..........#
# #####..........# #
#.........## #
#.........# #
#....@....# #
#....D....##
#...........#
#..........P#
##.........##
#P.........#
##.........#
##..####### ###


You could see a 12-headed hydra.

Vanquished Creatures
  Harold (D:9)
  A centaur warrior (D:11)
  The ghost of kwasso the Cleaver, a novice AtFi of Uskayaw (D:8)
  4 two-headed ogres (D:11)
  A boulder beetle (D:9)
  Sonja (D:11)
  An oklob plant (D:11)
  3 manticores (D:11)
  Joseph (D:7)
  3 black mambas (Lair:1)
  3 unseen horror zombies (D:9)
  4 cane toads
  2 komodo dragons (Lair:1)
  A rime drake (Lair:2)
  A troll (D:10)
  4 polar bears
  3 hornets
  Prince Ribbit (D:9)
  4 blink frogs (Lair:1)
  4 dream sheep
  A jumping spider (Lair:1)
  4 shadows
  20 yaks
  2 wraiths
  3 wyverns
  4 basilisks
  Grum (D:8)
  Eustachio (D:5)
  2 steam dragons
  Menkaure (D:5)
  Duvessa (D:7)
  6 water moccasins
  A sky beast (D:6)
  14 orc warriors
  2 black bears
  2 ogres
  21 wolves
  3 centaurs
  2 phantoms
  12 bullfrogs
  A kobold brigand (D:8)
  2 necrophages (D:9)
  A scorpion (D:6)
  A wight (D:9)
  Dowan (D:7)
  13 killer bees
  6 howler monkeys
  4 electric eels
  A crimson imp (D:8)
  A centaur zombie (D:9)
  5 hounds
  A human zombie (D:9)
  2 jellies
  5 orc priests
  2 gnoll boudas
  2 sleepcaps (D:5)
  Terence (D:2)
  4 iguanas
  7 orc wizards
  4 hell rats (Lair:3)
  A killer bee zombie (D:9)
  The ghost of ventricule the Sneak, a weakling AtDe (D:3)
  2 mummies (D:9)
  A howler monkey zombie (D:9)
  11 gnolls
  3 adders
  A white imp (D:6)
  An ufetubus (D:3)
  3 dart slugs
  47 orcs
  2 ball pythons
  4 bats
  7 endoplasms
  2 giant cockroaches
  11 goblins
  12 hobgoblins
  2 jackals (D:4)
  15 kobolds
  3 quokkas
  3 frilled lizards
  3 rats
346 creatures vanquished.

Vanquished Creatures (others)
  20 fungi
  25 plants
45 creatures vanquished.

Grand Total: 391 creatures vanquished

Notes
Turn   | Place    | Note
-------+----------+-------------------------------------------
     0 | D:5      | ventricule the Minotaur Delver began the quest for the Orb.
     0 | D:5      | Reached XP level 1. HP: 19/19 MP: 0/0
    14 | D:5      | Noticed an iguana
    80 | D:5      | Killed an iguana
    81 | D:5      | Reached XP level 2. HP: 27/27 MP: 1/1
    86 | D:5      | Noticed Menkaure
    96 | D:5      | Found an opulent altar of Gozag.
   115 | D:5      | Became a worshipper of Gozag Ym Sagoz the Greedy
   151 | D:4      | Found Voil's Book Emporium.
   163 | D:4      | Noticed a phantom
   193 | D:4      | Reached skill level 4 in Axes
   193 | D:4      | Reached XP level 3. HP: 24/33 MP: 2/2
   229 | D:4      | Killed a phantom
   230 | D:4      | Reached skill level 5 in Axes
   230 | D:4      | Reached XP level 4. HP: 6/40 MP: 3/3
   448 | D:3      | Noticed ventricule's ghost (weakling AtDe)
   474 | D:3      | Found a runed translucent gate.
   474 | D:3      | Found a runed translucent gate.
   474 | D:3      | Found a runed translucent gate.
   557 | D:2      | Reached XP level 5. HP: 38/46 MP: 4/4
   653 | D:2      | Found a snail-covered altar of Cheibriados.
   941 | D:2      | Reached skill level 1 in Armour
  1408 | D:1      | Found Muehow's Antique Weapon Emporium.
  1413 | D:1      | Bought an ichor-stained flail for 195 gold pieces
  1413 | D:1      | Identified the +2 flail of Jouh Lac {antimagic, *Corrode
                  | rC+ rN++ Dex+2} (You bought it in a shop on level 1 of the
                  | Dungeon)
  2024 | D:2      | Noticed Terence
  2115 | D:2      | Killed Terence
  2116 | D:2      | Reached skill level 6 in Axes
  2587 | D:3      | Found a white marble altar of Elyvilon.
  2696 | D:3      | Found a snail-covered altar of Cheibriados.
  3159 | D:3      | Killed ventricule's ghost
  3279 | D:4      | Reached XP level 6. HP: 48/52 MP: 5/5
  3601 | D:4      | Found Wianel's Magic Scroll Shop.
  3613 | D:4      | Bought a scroll of identify for 28 gold pieces
  3613 | D:4      | Bought a scroll of blinking for 105 gold pieces
  3613 | D:4      | Bought a scroll of blinking for 105 gold pieces
  3613 | D:4      | Bought a scroll of brand weapon for 133 gold pieces
  3613 | D:4      | Bought a scroll of magic mapping for 105 gold pieces
  3613 | D:4      | Bought a scroll of identify for 28 gold pieces
  3613 | D:4      | Bought a scroll of teleportation for 42 gold pieces
  3613 | D:4      | Bought a scroll of identify for 28 gold pieces
  3991 | D:4      | Found Iskimit's Jewellery Shoppe.
  4241 | D:5      | Reached skill level 7 in Axes
  4421 | D:5      | Reached XP level 7. HP: 19/59 MP: 6/6
  4496 | D:5      | Reached skill level 5 in Armour
  4711 | D:5      | Reached skill level 8 in Axes
  5060 | D:5      | Killed Menkaure
  5078 | D:5      | Found a glowing silver altar of Zin.
  5099 | D:5      | Reached XP level 8. HP: 66/66 MP: 7/7
  5112 | D:5      | Found a blossoming altar of Fedhas.
  5200 | D:5      | Noticed Eustachio
  5220 | D:5      | Killed Eustachio
  5221 | D:5      | Reached skill level 9 in Axes
  5707 | D:6      | Reached skill level 10 in Axes
  5988 | D:6      | Found a bloodstained altar of Trog.
  6290 | D:7      | Found a flagged portal.
  6300 | Bailey   | Entered a bailey
  6369 | Bailey   | Reached XP level 9. HP: 65/71 MP: 8/8
  6585 | Bailey   | Reached skill level 11 in Axes
  6812 | Bailey   | Noticed an orc knight
  7114 | D:7      | Found an iron altar of Okawaru.
  7142 | D:7      | Reached skill level 10 in Armour
  7216 | D:7      | Found an ornate altar of the Wu Jian Council.
  7345 | D:7      | Noticed Dowan
  7346 | D:7      | Noticed Duvessa
  7349 | D:7      | Found a staircase to the Ecumenical Temple.
  7352 | D:7      | Killed Dowan
  7354 | D:7      | Killed Duvessa
  7369 | D:7      | Reached skill level 12 in Axes
  7442 | D:7      | Noticed Joseph
  7451 | D:7      | Killed Joseph
  7769 | D:7      | Found a glowing golden altar of the Shining One.
  7797 | Temple   | Entered the Ecumenical Temple
  8018 | D:8      | Noticed kwasso's ghost (novice AtFi)
  8019 | D:8      | Found a transporter.
  8035 | D:8      | Found a transporter.
  8098 | D:8      | Reached XP level 10. HP: 60/78 MP: 9/9
  8256 | D:8      | Reached skill level 13 in Axes
  8266 | D:8      | Noticed Grum
  8271 | D:8      | Killed Grum
  8453 | D:8      | Found a burning altar of Makhleb.
  8454 | D:8      | Found a shimmering altar of Xom.
  8615 | D:8      | Found a shimmering blue altar of Sif Muna.
  8811 | D:8      | Found a shadowy altar of Dithmenos.
  8883 | D:8      | Killed kwasso's ghost
  9086 | D:9      | Noticed Harold
  9092 | D:9      | Killed Harold
  9093 | D:9      | Reached skill level 14 in Axes
  9146 | D:9      | Noticed a boulder beetle
  9150 | D:9      | Killed a boulder beetle
  9199 | D:9      | Noticed Prince Ribbit
  9212 | D:9      | Killed Prince Ribbit
  9219 | D:9      | Found Wobiwo's Armour Emporium.
  9219 | D:9      | Found a staircase to the Orcish Mines.
  9241 | D:9      | Reached XP level 11. HP: 67/84 MP: 10/10
  9478 | D:9      | Reached skill level 15 in Axes
  9873 | D:9      | Found an ancient bone altar of Kikubaaqudgha.
 10130 | D:10     | Entered Level 10 of the Dungeon
 10841 | D:11     | Found Xeegakin's Weapon Emporium.
 10860 | D:11     | Reached skill level 15 in Armour
 10861 | D:11     | Reached skill level 16 in Axes
 11130 | D:11     | Noticed a two-headed ogre
 11131 | D:11     | Noticed a two-headed ogre
 11135 | D:11     | Killed a two-headed ogre
 11137 | D:11     | Killed a two-headed ogre
 11242 | D:11     | Noticed Sonja
 11247 | D:11     | Killed Sonja
 11248 | D:11     | Reached XP level 12. HP: 72/91 MP: 11/11
 11467 | D:11     | Noticed a two-headed ogre
 11475 | D:11     | Killed a two-headed ogre
 11569 | D:11     | Found a staircase to the Lair.
 11740 | D:11     | Noticed a centaur warrior
 11748 | D:11     | Killed a centaur warrior
 11749 | D:11     | Reached skill level 17 in Axes
 12029 | D:11     | Noticed a two-headed ogre
 12033 | D:11     | Killed a two-headed ogre
 12266 | Lair:1   | Entered Level 1 of the Lair of Beasts
 12806 | Lair:1   | Reached skill level 5 in Fighting
 13680 | D:4      | Bought the amulet "Qoecocha" {RegenMP rElec rPois} for 578
                  | gold pieces
 13680 | D:4      | Bought a +4 ring of protection for 432 gold pieces
 14091 | Lair:2   | Noticed an eight-headed hydra
 14168 | Lair:1   | Reached skill level 18 in Axes
 14448 | Lair:2   | Found a hole to the Spider Nest.
 14655 | Lair:3   | Reached XP level 13. HP: 86/105 MP: 12/12
 14799 | Lair:3   | Found a staircase to the Shoals.
 14970 | Lair:3   | Got the Catalogue of the Disjunct Adder
 15234 | Lair:3   | Slain by a 12-headed hydra

Illustrated notes

Levels and vault maps discovered:
D:1:      dpeg_arrival_rooms_b, layout_basic, serial_shops,
          nicolae_shop_tiny_statue_garden
D:2:      layout_loops_ring, basic_altar, uniq_terence
D:3:      cheibrodos_greedy_goblins, layout_basic, elyvilon_altar_1,
          cheibriados_altar_1, gammafunk_ghost_split, uniq_crazy_yiuf_cottage
D:4:      layout_basic, serial_shops, shop, shop, nicolae_shop_trees
D:5:      cheibrodos_quashed, layout_basic,
          pdpol_temple_overflow_zin_treasury_gozag_greed,
          fedhas_altar_decomposition, uniq_eustachio, uniq_menkaure
D:6:      layout_basic, mainiacjoe_overflow_small_starburst
D:7:      layout_rooms, nicolae_tso_swordbearing_angel,
          mainiacjoe_overflow_24_doors, okawaru_trees_2,
          minmay_temple_entry_junction_2, enter_bailey_1, uniq_joseph,
          uniq_duvessa
D:8:      layout_loops_ring, grunt_temple_overflow_champion_of_chaos,
          mainiacjoe_overflow_alcove_1, nicolae_sif_muna_condensation,
          gammafunk_ghost_arena, uniq_grum
D:9:      layout_basic, lemuel_mausoleum_altar_kikubaaqudgha, orc_david_3,
          uniq_prince_ribbit1, uniq_harold
D:10:     layout_roguey
D:11:     layout_basic, dpeg_oklobed_lair, serial_shops,
          nicolae_shop_bloodbath_and_beyond, uniq_sonja
Temple:   nicolae_temple_ecumenical_triangle
Lair:1:   layout_loops_ring, serial_bayou_shore_a
Lair:2:   nzn_winding_woodlands_stair_trap [nzn_winding_woodlands_5x15_pool,
          nzn_winding_woodlands_5x15_default,
          nzn_winding_woodlands_5x15_river_crossing,
          nzn_winding_woodlands_15x15_five_gardens,
          nzn_winding_woodlands_5x15_parted,
          nzn_winding_woodlands_5x15_longhouse,
          nzn_winding_woodlands_5x15_sawtooth], layout_gridlike,
          spider_nest_entry_a
Lair:3:   layout_gridlike, shoals_dummy_entry

Skill      XL: |  1  2  3  4  5  6  7  8  9 10 11 12 |
---------------+-------------------------------------+-----
Fighting       | 4 7 |  7.3
Axes           | 4 5 6 7 8 10 12 14 16 18 | 18.2
Armour         | 2 4 6 8 11 13 15 17 | 17.4
Dodging        | |  2.6
Stealth        | |  4.3

Action                     |  1- 3 |  4- 6 |  7- 9 | 10-12 | 13-15 || total
---------------------------+-------+-------+-------+-------+-------++-------
  Melee: Hand axe          |    21 |   206 |   231 |       |       ||   458
         Headbutt          |     3 |    29 |    66 |    76 |     5 ||   179
         Punch             |       |     1 |     5 |       |       ||     6
         Executioner's axe |       |       |    63 |   435 |    25 ||   523
  Evoke: Wand              |       |       |       |     4 |       ||     4
    Use: Potion            |     1 |       |     2 |     1 |       ||     4
         Scroll            |       |    13 |     6 |       |       ||    19
   Stab: Distracted        |       |     3 |       |     6 |     1 ||    10
 Armour: Leather armour    |     3 |     2 |       |       |       ||     5
         Plate armour      |       |   115 |   171 |   348 |    55 ||   689
  Dodge: Dodged            |     9 |    89 |   171 |   253 |    24 ||   546
